Map: [ESL] Solaris

Players

Bunny

  • Race: Terran Terran
  • Spawn Location: 1:00

Kelazhur - Winner!

  • Race: Terran Terran
  • Spawn Location: 7:00

Event: IEM Katowice 2024

VOD

Have the link to the VOD?

Description

Time

  • Played on: Dec. 8, 2023, 2:15 p.m.
  • Length: 12:58

All games in this series

Show
View Real Time Build Order
Export as new Build Order

Bunny Terran 

Build Orders: Cyclone Opening 

Get SALT Encoding   

  12  0:00  SCV  
  13  0:12  SCV  
  14  0:17  Supply Depot  
  14  0:24  SCV  
  15  0:39  SCV  
  15  0:40  Barracks  
  16  0:42  Refinery  
  16  0:51  SCV  
  16  0:52  Refinery  
  17  1:03  SCV  
  18  1:15  SCV  
  19  1:27  Orbital Command, Reaper  
  19  1:30  Supply Depot  
  20  1:42  Factory  
  20  1:53  SCV  
  21  1:59  Reaper  
  22  2:05  SCV  
  23  2:17  SCV  
  23  2:21  Command Center  
  24  2:29  SCV  
  25  2:32  Barracks Reactor  
  25  2:37  Starport  
  25  2:41  SCV  
  26  2:49  Cyclone, Supply Depot  
  28  2:53  SCV  
  29  3:05  SCV  
  29  3:17  SCV, Medivac  
  32  3:21  Cyclone  
  34  3:29  SCV  
  34  3:33  Orbital Command  
  35  3:38  Barracks Tech Lab  
  35  3:42  SCV  
  35  3:46  Command Center  
  36  3:54  SCV  
  37  3:58  Refinery  
  37  4:00  SCV  
  38  4:05  Raven  
  38  4:07  SCV  
  41  4:10  Cyclone x2  
  41  4:14  SCV  
  41  4:16  Supply Depot  
  46  4:17  Interference Matrix  
  46  4:20  SCV  
  47  4:27  SCV  
  48  4:32  SCV  
  49  4:42  Raven  
  49  4:43  Cyclone  
  53  4:47  SCV x2  
  53  4:49  Cyclone  
  53  4:50  Supply Depot  
  57  4:59  Marine  
  49  5:00  SCV  
  49  5:01  SCV  
  49  5:04  Orbital Command  
  49  5:16  Raven, Hellion  
  48  5:21  Hellion  
  48  5:27  SCV x2  
  45  5:39  SCV  
  45  5:40  Cyclone  
  48  5:43  Cyclone  
  48  5:45  SCV x2  
  49  5:51  SCV  
  50  5:57  SCV x2  
  50  6:03  SCV  
  53  6:09  SCV x2  
  55  6:15  SCV  
  56  6:21  SCV x2  
  56  6:23  Barracks x2  
  58  6:26  Marine x2  
  58  6:27  Siege Tank, SCV  
  58  6:30  Starport Tech Lab  
  58  6:31  Engineering Bay  
  64  6:33  SCV x2, Engineering Bay  
  64  6:38  Refinery  
  64  6:39  SCV  
  67  6:44  Marine x2  
  67  6:45  SCV x2  
  71  6:51  SCV, Supply Depot  
  71  6:53  Barracks  
  70  6:55  Barracks  
  70  6:57  Bunker, SCV x2  
  70  6:59  Siege Tank  
  75  7:06  SCV  
  76  7:09  SCV x2  
  76  7:11  Viking x2  
  80  7:15  Orbital Command  
  80  7:17  Marine  
  80  7:18  Barracks Reactor x2, Stimpack  
  72  7:35  Marine  
  59  7:38  SCV  
  59  7:39  SCV  
  59  7:42  Siege Tank  
  60  7:44  SCV  
  60  7:50  Barracks Reactor x2, SCV  
  60  7:51  Viking, SCV  
  62  7:52  Marine  
  62  7:56  SCV  
  62  7:57  Marine x3  
  62  7:58  Marine  
  70  8:00  Terran Infantry Weapons Level 1  
  70  8:03  SCV x2  
  72  8:10  Viking  
  72  8:11  SCV  
  72  8:12  Marine  
  74  8:15  Marine x2, SCV x2  
  74  8:17  Siege Tank  
  81  8:22  Marine x2  
  81  8:25  SCV  
  82  8:27  Marine, SCV  
  82  8:30  Marine x3  
  82  8:33  Marine  
  88  8:36  Terran Infantry Armor Level 1  
  88  8:38  Supply Depot  
  88  8:40  Supply Depot, Medivac  
  90  8:45  Medivac  
  90  8:47  Marine  
  93  8:56  Supply Depot  
  93  8:59  Siege Tank, Marine x5  
  93  9:02  Marine x2  
  103  9:06  Combat Shield  
  103  9:11  Supply Depot  
  103  9:15  Medivac  
  105  9:20  Marine x7  
  105  9:24  Marine x2  
  113  9:29  Medivac  
  116  9:32  Orbital Command, Supply Depot  
  116  9:36  Siege Tank, Supply Depot  
  119  9:43  Marine x5  
  119  9:45  Marine  
  125  9:54  SCV x2, Marine  
  125  9:57  Medivac  
  129  10:00  Missile Turret  
  129  10:03  Medivac  
  129  10:04  SCV  
  129  10:06  SCV x2  
  134  10:11  Siege Tank  
  134  10:13  Marine x3  
  134  10:14  Marine  
  140  10:17  Marine  
  140  10:21  Supply Depot  
  141  10:24  Marine  
  141  10:29  Marine x2  
  141  10:30  Marine  
  141  10:31  Marine x4  
  148  10:38  Marine  
  148  10:41  Marine  
  145  10:43  Sensor Tower  
  145  10:44  Viking  
  145  10:47  Marine x3  
  145  10:48  Siege Tank  
  152  10:55  Marine  
  142  11:01  Supply Depot  
  142  11:05  Marine  
  142  11:06  Marine x2  
  142  11:07  Supply Depot, Marine  
  137  11:14  Marine x3  
  136  11:20  Siege Tank  
  121  11:29  Marine x6  
  124  11:36  Medivac  
  124  11:39  Marine x2  
  120  11:42  Orbital Command  
  120  11:45  Marine  
  122  11:47  Marine  
  113  11:57  Siege Tank  
  107  12:04  Marine  
  107  12:05  Marine x3  
  96  12:18  Marine  
  96  12:19  Marine x3  
  96  12:22  Marine  
  103  12:40  Marine  
Show
View Real Time Build Order
Export as new Build Order

Kelazhur Terran - Winner!

Build Orders: Cyclone Opening 

Get SALT Encoding   

  12  0:00  SCV  
  13  0:12  SCV  
  14  0:16  Supply Depot  
  14  0:24  SCV  
  15  0:38  Barracks, SCV  
  15  0:42  Refinery  
  16  0:50  SCV  
  16  0:52  Refinery  
  17  1:02  SCV  
  18  1:14  SCV  
  19  1:25  Barracks Reactor  
  19  1:26  Orbital Command, Supply Depot  
  19  1:40  Factory  
  19  1:52  SCV  
  20  2:01  Marine x2  
  20  2:04  SCV  
  23  2:15  Command Center  
  23  2:18  SCV  
  23  2:21  Marine  
  25  2:28  Cyclone  
  27  2:30  SCV  
  27  2:36  Supply Depot  
  28  2:42  SCV  
  29  2:49  Starport  
  29  2:54  SCV  
  29  2:55  Marine  
  29  2:57  Marine  
  31  3:07  SCV  
  31  3:09  Cyclone  
  34  3:13  Marine  
  34  3:15  Marine  
  36  3:20  SCV  
  36  3:25  Medivac  
  39  3:37  Orbital Command, SCV, Marine x2  
  42  3:42  Cyclone  
  44  3:49  SCV  
  44  3:54  Orbital Command  
  45  3:58  Marine  
  45  3:59  Marine  
  45  4:01  Starport Tech Lab, SCV  
  48  4:15  Factory Tech Lab  
  48  4:16  Marine x2  
  50  4:17  SCV  
  50  4:21  Raven  
  53  4:24  SCV  
  53  4:27  Interference Matrix, Supply Depot, Refinery  
  54  4:39  Supply Depot  
  54  4:48  Marine x2  
  54  4:49  Siege Tank, SCV x2  
  53  5:01  SCV  
  53  5:03  Raven  
  53  5:04  SCV  
  53  5:06  Marine x2  
  59  5:13  SCV  
  60  5:16  SCV  
  60  5:17  Command Center  
  60  5:22  Siege Tank  
  61  5:29  Marine  
  59  5:40  Raven, Marine  
  63  5:42  SCV  
  63  5:43  Barracks, SCV  
  63  5:44  Barracks  
  63  5:46  Marine  
  60  5:55  SCV x2  
  60  5:58  Marine  
  60  6:00  Siege Tank  
  64  6:04  Marine  
  64  6:07  SCV x2  
  64  6:08  Supply Depot  
  64  6:11  Engineering Bay  
  67  6:12  Refinery  
  67  6:14  Engineering Bay  
  68  6:19  SCV x2  
  69  6:29  Viking x2  
  69  6:31  Orbital Command, SCV x2  
  69  6:32  Marine  
  75  6:33  Stimpack  
  75  6:37  Siege Tank  
  79  6:43  SCV  
  79  6:44  SCV  
  83  6:50  Marine  
  83  6:52  Barracks Reactor x2  
  83  6:53  Orbital Command  
  82  6:55  SCV  
  82  6:56  Barracks  
  82  6:57  Barracks  
  83  7:02  SCV  
  83  7:07  SCV  
  83  7:08  Marine  
  79  7:15  SCV  
  77  7:19  SCV  
  78  7:26  Marine  
  78  7:27  SCV  
  80  7:30  Siege Tank  
  80  7:31  SCV  
  80  7:32  Marine  
  80  7:33  Viking x2  
  83  7:38  Marine x3  
  83  7:39  SCV  
  83  7:42  SCV  
  83  7:44  Marine  
  83  7:46  SCV  
  83  7:50  Marine  
  85  7:52  SCV  
  85  7:54  SCV  
  85  7:56  Terran Infantry Weapons Level 1, Supply Depot  
  85  7:57  Terran Infantry Armor Level 1, Supply Depot  
  87  7:58  SCV  
  87  7:59  Marine x2  
  90  8:06  SCV  
  90  8:08  SCV  
  90  8:10  SCV  
  91  8:17  Siege Tank  
  91  8:18  SCV  
  95  8:22  Marine x2, SCV  
  95  8:23  Medivac x2  
  95  8:24  Barracks Reactor  
  95  8:25  Barracks Reactor  
  95  8:26  Marine x2  
  104  8:29  SCV, Refinery  
  104  8:31  Supply Depot  
  105  8:36  SCV  
  105  8:37  Combat Shield  
  105  8:41  Supply Depot  
  106  8:42  SCV x2  
  106  8:46  Marine  
  109  8:53  Siege Tank, SCV, Marine x4  
  109  8:55  Refinery  
  117  8:58  Supply Depot  
  117  9:01  Armory  
  117  9:02  SCV x2  
  119  9:03  Marine x4  
  119  9:05  Marine, SCV  
  125  9:19  Sensor Tower  
  125  9:20  Marine x3  
  125  9:21  Supply Depot, Marine  
  125  9:22  Marine  
  130  9:24  Marine  
  130  9:28  Marine x2  
  130  9:30  Marine  
  133  9:40  Marine  
  133  9:43  Siege Tank, Medivac x2  
  133  9:44  Supply Depot  
  140  9:46  Marine  
  140  9:50  Supply Depot  
  141  9:53  Command Center  
  141  9:58  Terran Infantry Weapons Level 2  
  141  9:59  Terran Infantry Armor Level 2  
  141  10:06  Marine x8  
  149  10:07  Supply Depot  
  149  10:12  Marine  
  150  10:17  Siege Tank  
  150  10:19  Supply Depot  
  153  10:23  Marine x3  
  153  10:24  Marine x2  
  153  10:26  Marine x2  
  153  10:28  Marine  
  154  10:29  Marine, SCV  
  156  10:41  Marine x5  
  143  10:44  Marine x2  
  143  10:46  Marine  
  143  10:48  Marine  
  147  10:51  SCV  
  147  10:53  Siege Tank  
  145  10:59  Marine x5  
  145  11:01  Orbital Command  
  145  11:02  Marine  
  146  11:04  Marine  
  146  11:05  SCV  
  146  11:09  SCV  
  128  11:15  Marine x2  
  112  11:26  Marine  
  112  11:29  Siege Tank  
  116  11:33  SCV x2  
  116  11:38  Marine  
  111  11:41  Marine  
  111  11:43  Marine  
  111  11:44  Marine  
  111  11:46  Marine  
  115  11:50  Marine  
  115  11:52  SCV x2  
  113  12:01  Marine  
  105  12:02  SCV  
  105  12:04  SCV  
  105  12:08  Marine  
  96  12:09  Medivac x2  
  96  12:12  Marine  
  96  12:13  SCV, Marine x5  
  96  12:14  SCV  
  100  12:16  SCV  
  100  12:20  Marine  
  102  12:23  Siege Tank, Marine  
  106  12:32  Marine x4  
  106  12:33  Marine  
  106  12:34  Marine  
  112  12:37  SCV  

Tags
 
Add a new tag
Caveats
  • Supply blocks, unpowered buildings, or Contaminate may cause inaccurate times.
  • Supply counts are checked every 10 seconds.